 Dungeon Crawl Stone Soup version 0.31.0-9-g3a7656b989 (webtiles) character file.

Game seed: 8675871687397081869

32 qw the Shooter (level 3, 0/20 HPs)
             Began as a Deep Elf Hunter on Feb 2, 2024.
             Slain by Natasha (4 damage)
             ... on level 1 of the Dungeon.
             The game lasted 00:00:02 (452 turns).

qw the Shooter (Deep Elf Hunter)                     Turns: 452, Time: 00:00:03

Health: 0/20       AC:  5    Str: 10    XL:     3   Next: 8%
Magic:  5/5        EV: 11    Int: 13    God:
Gold:   38         SH:  0    Dex: 18    Spells: 2/2 levels left

rFire   . . .        a - +0 shortbow
rCold   . . .        (shield currently unavailable)
rNeg    . . .        d - +0 ring mail
rPois   .            (no helmet)
rElec   .            (no cloak)
rCorr   .            (no gloves)
SInv    .            (no boots)
Will    .....        (no amulet)
Stlth   +            (no ring)
HPRegen 0.23/turn    (no ring)
MPRegen 0.09/turn

%: no passive effects
@: no status effects
A: no striking features
a: no special abilities


You were on level 1 of the Dungeon.
You visited 1 branch of the dungeon, and saw 2 of its levels.

You collected 38 gold pieces.


   Skills:
 - Level 1.5 Fighting
 + Level 6.7 Ranged Weapons
 - Level 2.4 Dodging
 - Level 1.2 Stealth


You had 2 spell levels left.
You didn't know any spells.
Your spell library was empty.

Inventory:

Hand Weapons
 a - a +0 shortbow (weapon)
Armour
 d - a +0 ring mail (worn)
Potions
 e - a potion of resistance
 g - a potion of lignification {unknown}

Dungeon Overview and Level Annotations

Branches:
Dungeon (2/15)

Altars:

Annotations:
D:1 Natasha


Message History

You shoot an arrow. The arrow hits the hobgoblin.
The hobgoblin is lightly wounded.
The hobgoblin hits you.
You shoot an arrow. The arrow barely misses the hobgoblin.
The hobgoblin hits you.
You shoot an arrow. The arrow hits the hobgoblin!
You kill the hobgoblin!
You start resting.
HP restored.
You climb downwards.
Natasha, Servant of Life and Death comes into view.
There is a stone staircase leading up here.
You shoot an arrow. The arrow hits the bat.
The bat is severely wounded.
The bat hits you but does no damage.
You shoot an arrow. The arrow closely misses the bat.
The bat hits you but does no damage.
Natasha mumbles some strange words.
Natasha's front paws start to glow.
Natasha stares at you and mumbles some strange words.
The magic dart hits you. The bat hits you.
You shoot an arrow. The arrow misses the bat.
The bat hits you but does no damage. The bat closely misses you.
448 ||| STAIRDANCE The bat closely misses you.
Natasha claws you!
You climb upwards.
There is a stone staircase leading down here.
You shoot an arrow. The arrow hits Natasha!
Natasha is heavily wounded.
Natasha barely misses you.
You shoot an arrow.
The arrow hits Natasha but does no damage.
Natasha is heavily wounded.
Natasha mumbles some strange words.
Natasha claws you!
You shoot an arrow. The arrow hits Natasha!
Natasha is almost dead.
Natasha claws you.
You die...
Natasha curls up and begins to purr.

.........####.##.....######...###
.........# #..##..#..####........
.........# #.####..#[...#........
.........# #.#####.....#...###...
.......#.# #.##........#...#<....
###.##.#.###....####.#>#...#.....
###.##.#...#...#.....#..#........
#..)#..###...#..%.......#......#.
#.###)## ##..#.%@.......#........
#.#...# ##.#..h%.........#.....
....### #.....5.........#.....
....# ##.#.............###...
....# #..#..........#........
....# #.............#........
....# #..##.........###...###
##### #..###......#.....###..
#### #####?.####### #..


You could see Natasha and a cerulean imp (summoned).

Vanquished Creatures
  2 dart slugs (D:1)
  An endoplasm (D:1)
  2 giant cockroaches (D:1)
  3 goblins (D:1)
  2 hobgoblins (D:1)
  5 ball pythons (D:1)
  2 bats (D:1)
  2 frilled lizards (D:1)
  5 kobolds (D:1)
  4 rats (D:1)
28 creatures vanquished.

Notes
Turn   | Place    | Note
-------+----------+-------------------------------------------
     0 | D:1      | qw the Deep Elf Hunter began the quest for the Orb.
     0 | D:1      | Reached XP level 1. HP: 12/12 MP: 3/3
     0 | D:1      | 0 ||| qw: Version: 0.3-a-155-g5e7d8dd
     0 | D:1      | 0 ||| qw: Game counter: 1251
     0 | D:1      | 0 ||| qw: Melee chars always use a shield: true
     0 | D:1      | 0 ||| qw: God list: Okawaru
     0 | D:1      | 0 ||| qw: Allow faded altars: false
     0 | D:1      | 0 ||| qw: Do Orc after clearing Dungeon:15 true
     0 | D:1      | 0 ||| qw: Do second Lair branch before Depths: true
     0 | D:1      | 0 ||| qw: Lair rune preference: random
     0 | D:1      | 0 ||| qw: Goals: Normal
     0 | D:1      | 0 ||| PLANNING D:1-11
    93 | D:1      | Reached skill level 6 in Ranged Weapons
    93 | D:1      | Reached XP level 2. HP: 16/16 MP: 4/4
   366 | D:1      | Reached XP level 3. HP: 16/20 MP: 5/5
   380 | D:1      | 380 ||| UPGRADING to +0 ring mail.
   390 | D:1      | 390 ||| DROPPING +0 leather armour.
   391 | D:1      | 391 ||| READING scroll labelled BOYKAM XUTIM.
   392 | D:1      | 392 ||| READING 3 scrolls labelled JEUPOSMOSK.
   393 | D:1      | 393 ||| READING scroll labelled GIREING VUSK.
   393 | D:1      | 393 ||| IDENTIFYING viscous puce potion
   394 | D:1      | 394 ||| DROPPING scroll of butterflies.
   395 | D:1      | 395 ||| DROPPING 2 scrolls of immolation.
   406 | D:2      | 406 ||| STAIRDANCE
   412 | D:2      | 412 ||| STAIRDANCE
   444 | D:2      | Noticed Natasha
   448 | D:2      | 448 ||| STAIRDANCE
   451 | D:1      | HP: 3/20 [Natasha (7)]
   452 | D:1      | Slain by Natasha

Levels and vault maps discovered:
D:1:      minmay_arrival_open_corners, layout_rooms, minmay_pentomino_t2
D:2:      layout_basic, uniq_natasha

Skill      XL: |  1 |
---------------+----+-----
Ranged Weapons | 6 |  6.7
Fighting       | |  1.5
Dodging        | |  2.4
Stealth        | |  1.2

Action                     || total
---------------------------++-------
   Fire: Shortbow          ||    69
    Use: Scroll            ||     3
 Armour: Leather armour    ||     7
         Ring mail         ||    16
  Dodge: Dodged            ||    15

Table legend:
 A = Non-vault XP
 B = Vault XP
 C = Vault XP percentage of total XP
 D = Non-vault monster count
 E = Vault monster count
 F = Vault count percentage of total count
                 A         B        C        D         E       F
            +---------+---------+-------+---------+---------+-------
      Total |      43 |       3 |   6.5 |      26 |       2 |   7.1
            +---------+---------+-------+---------+---------+-------
        D:1 |      43 |       3 |   6.5 |      26 |       2 |   7.1
            +---------+---------+-------+---------+---------+-------
